 Dungeon Crawl Stone Soup version 0.23.0 (webtiles) character file.

Game seed: 14385515019639503328

26 theswoord the Slasher (level 3, -2/34 HPs)
             Began as a Naga Berserker on Feb 13, 2019.
             Was a Follower of Trog.
             Slain by a gnoll
             ... wielding a +0 spear
              (7 damage)
             ... on level 2 of the Dungeon.
             The game lasted 00:01:14 (866 turns).

theswoord the Slasher (Naga Berserker)               Turns: 866, Time: 00:01:15

Health: -2/34      AC:  2    Str: 19    XL:     3   Next: 8%
Magic:  3/3        EV: 10    Int:  7    God:    Trog [*.....]
Gold:   45         SH:  0    Dex: 11    Spells: 2/2 levels left

rFire    . . .     SeeInvis +   a - +0 falchion
rCold    . . .     Gourm    .   (no shield)
rNeg     . . .     Faith    .   b - +0 animal skin
rPois    +         Spirit   .   (no helmet)
rElec    .         Reflect  .   (no cloak)
rCorr    .         Harm     .   (no gloves)
MR       .....                  (no barding)
Stlth    +.........             (no amulet)
HPRegen  0.11/turn              (no ring)
MPRegen  0.08/turn              (no ring)

@: very slightly contaminated, very slow
A: large, see invisible, deformed body, poison resistance, slowness 2, slow
metabolism 1, spit poison 1, AC +1
a: Spit Poison, Berserk, Renounce Religion


You were on level 2 of the Dungeon.
You worshipped Trog.
Trog was aware of your devotion.
You were not hungry.

You visited 1 branch of the dungeon, and saw 2 of its levels.

You collected 45 gold pieces.

Inventory:

Hand Weapons
 a - a +0 falchion (weapon)
Armour
 b - a +0 animal skin (worn)
Potions
 e - a potion of magic
 f - 3 potions of ambrosia {unknown}
 k - 2 potions of flight {unknown}
Comestibles
 c - a ration


   Skills:
 - Level 3.0 Fighting
 + Level 4.1 Long Blades
 - Level 1.5 Armour
 - Level 1.5 Dodging


You had 2 spell levels left.
You didn't know any spells.
Your spell library was empty.

Dungeon Overview and Level Annotations

Branches:
Dungeon (2/15)

Altars:


Innate Abilities, Weirdness & Mutations

You cannot wear boots.
Your serpentine skin is tough. (AC +1)
You have supernaturally acute eyesight. (SInv)
Armour fits poorly on your strangely shaped body.
Your system is resistant to poisons. (rPois)
You cover ground very slowly.
You have a slow metabolism.
You can spit poison.


Message History

A rat is nearby!
A rat is nearby! 2 gnolls come into view.
The gnoll shouts!
A gnoll comes into view. It is wielding a +0 flail.
The gnoll shouts!
The rat barely misses you.
The gnoll hits you from afar with a +0 spear!
The rat barely misses you.
You riposte.
You hit the rat but do no damage. You hit the gnoll.
The gnoll hits you from afar with a +0 spear.
* * * LOW HITPOINT WARNING * * *
The gnoll barely misses you. The rat closely misses you.
You riposte.
You completely miss the rat. You barely miss the gnoll.
The gnoll closely misses you. The rat bites you.
* * * LOW HITPOINT WARNING * * *
The gnoll hits you with a +0 club.
* * * LOW HITPOINT WARNING * * *
The gnoll hits you from afar with a +0 spear!
You die...

#.........# #.
#.........##..
+.....(.......
#.............
+............
.#......#..##
#...........#
#..#####.#..####
.........@.......
....##..grg..####
. #...g...#
.........#
...........#
............
..........###
....#######


You could see 3 gnolls and a rat.

Vanquished Creatures
  An adder (D:2)
  A leopard gecko (D:1)
  A goblin (D:2)
  A hobgoblin (D:1)
  4 jackals (D:1)
  A kobold (D:1)
  3 bats (D:1)
  2 frilled lizards
  2 rats
16 creatures vanquished.

Notes
Turn   | Place    | Note
-------+----------+-------------------------------------------
     0 | D:1      | theswoord the Naga Berserker began the quest for the Orb.
     0 | D:1      | Reached XP level 1. HP: 21/21 MP: 1/1
   228 | D:1      | Reached XP level 2. HP: 27/28 MP: 2/2
   633 | D:2      | Reached skill level 4 in Long Blades
   633 | D:2      | Reached XP level 3. HP: 19/34 MP: 3/3
   866 | D:2      | Slain by a gnoll

Skill      XL: |  1  2 |
---------------+-------+-----
Long Blades    | 4 |  4.1
Fighting       | |  3.0
Armour         | |  1.5
Dodging        | |  1.5

Action                   || total
-------------------------++-------
Melee: Falchion          ||    41
Invok: Berserk           ||     1
  Use: Scroll            ||     4
Armor: Animal skin       ||     7
Dodge: Dodged            ||    40
       Rpst.: Falchion   ||    11

Levels and vault maps discovered:
D:1:      minmay_arrival_doors, layout_basic
D:2:      layout_basic, nicolae_overflow_crystal_walls
